[Event "Titled Tuesday Blitz March 28 Early 2023"]
[White "Shvedova, Alexandra"]
[Black "Zemlyanskii, Ivan"]
[WhiteFideId "54154782"]
[BlackFideId "24249971"]
[WhiteElo "2057"]
[BlackElo "2233"]
[Result "0-1"]
[Round "01"]
[TimeControl "180+2"]
[Date "2023.03.28"]
[WhiteClock "0:00:08"]
[BlackClock "0:00:04"]

1. d4 Nc6 2. Nf3 d6 3. e4 e5 4. c3 Nf6 5. Be3 Be7 6. Bd3 O-O 7. Nbd2 Ng4 8. Qe2 Nxe3 9. fxe3 Bg4 10. O-O-O a6 11. h3 Bd7 12. Bc4 Qc8 13. g4 b5 14. Bd5 Rb8 15. Nb3 a5 16. Qd3 a4 17. Na1 Na5 18. a3 c6 19. Ba2 Be6 20. d5 cxd5 21. exd5 Bd7 22. Kb1 f5 23. e4 fxe4 24. Qxe4 Rf4 25. Qe3 Nc4 26. Bxc4 bxc4 27. Nc2 Qf8 28. Nd2 Be8 29. Nb4 Bg5 30. Ka1 Bg6 31. h4 Be7 32. h5 Be8 33. Qa7 Rd8 34. Nc6 Bxc6 35. dxc6 Qe8 36. c7 Rc8 37. Rhf1 Rxf1 38. Rxf1 Qc6 39. Qf2 Rf8 40. Qe2 Rxf1+ 41. Qxf1 Qxc7 42. Qxc4+ Qxc4 43. Nxc4 e4 44. Ne3 Bg5 45. Nf5 d5 46. Kb1 Kf7 47. Kc2 Ke6 48. Nxg7+ Ke5 49. Kd1 Kf4 50. Ne6+ Kxg4 51. Nc7 Kf3 52. Nxd5 e3 53. c4 e2+ 54. Ke1 Bh4+ 0-1


[Site "https://www.chess.com"]

[Event "Titled Tuesday Blitz March 28 Early 2023"]
[White "Bryakin, Mikhail"]
[Black "Mazurkiewicz, Michal"]
[WhiteFideId "4165314"]
[BlackFideId "1124943"]
[WhiteElo "2449"]
[BlackElo "2054"]
[Result "1-0"]
[Round "01"]
[TimeControl "180+2"]
[Date "2023.03.28"]
[WhiteClock "0:01:29"]
[BlackClock "0:00:44"]

1. e4 d6 2. d4 Nf6 3. Nc3 c6 4. a4 Qa5 5. Bd3 e5 6. Ne2 Nbd7 7. O-O Be7 8. h3 O-O 9. f4 Re8 10. Be3 Qc7 11. Qd2 b6 12. Rae1 Bb7 13. Ng3 a6 14. Nf5 Bf8 15. fxe5 dxe5 16. Bc4 b5 17. Bb3 b4 18. Ne2 Nxe4 19. Bxf7+ Kxf7 20. Nd6+ Kg8 21. Nxe4 exd4 22. Qxd4 Qe5 23. Qxe5 Rxe5 24. N2g3 Rae8 25. Bf4 R5e6 26. Rd1 Nb6 27. Nd6 Bxd6 28. Bxd6 Rg6 29. Nf5 Nd5 30. Bc5 1-0


[Site "https://www.chess.com"]

[Event "Titled Tuesday Blitz March 28 Early 2023"]
[White "Melikhov, Evgeny V."]
[Black "Galchenko, Matvey"]
[WhiteFideId "4122046"]
[BlackFideId "24175480"]
[WhiteElo "2158"]
[BlackElo "2404"]
[Result "0-1"]
[Round "01"]
[TimeControl "180+2"]
[Date "2023.03.28"]
[WhiteClock "0:00:03"]
[BlackClock "0:00:24"]

1. d4 Nf6 2. c4 c5 3. d5 e6 4. Nc3 exd5 5. cxd5 d6 6. Nf3 g6 7. h3 Bg7 8. e4 O-O 9. Be3 b5 10. Bxb5 Nxe4 11. O-O Nxc3 12. bxc3 Bxc3 13. Bh6 Bg7 14. Bxg7 Kxg7 15. Re1 Bd7 16. Rb1 Bxb5 17. Rxb5 Nd7 18. Rb7 Qc8 19. Qb1 Nb6 20. Ree7 Nxd5 21. Qb2+ Kg8 22. Red7 Nb6 23. Rdc7 Qf5 24. Rxa7 Rxa7 25. Rxa7 Nd5 26. Qb7 Nf4 27. a4 c4 28. Nd4 Qe5 29. Nc6 Qe1+ 30. Kh2 Ne2 31. Ne7+ Kg7 32. Qb2+ c3 0-1


[Site "https://www.chess.com"]

[Event "Titled Tuesday Blitz March 28 Early 2023"]
[White "Gabrielian, Artur"]
[Black "Vaglio Munoz, Jaime"]
[WhiteFideId "4131002"]
[BlackFideId "6500145"]
[WhiteElo "2432"]
[BlackElo "2199"]
[Result "1-0"]
[Round "01"]
[TimeControl "180+2"]
[Date "2023.03.28"]
[WhiteClock "0:01:25"]
[BlackClock "0:00:06"]

1. e4 e6 2. d3 d5 3. Qe2 dxe4 4. dxe4 Nc6 5. Nf3 Nd4 6. Nxd4 Qxd4 7. Nc3 Bb4 8. Bd2 Nf6 9. O-O-O O-O 10. f3 e5 11. Be3 Bxc3 12. Bxd4 Bxd4 13. c3 Bb6 14. Qb5 Re8 15. Bc4 c6 16. Qb3 Be6 17. Bxe6 Rxe6 18. Rd3 h5 19. Rhd1 Kh7 20. Kb1 h4 21. g3 Rh8 22. g4 Kg6 23. Rd6 Re7 24. h3 Bc7 25. Rxf6+ Kxf6 26. Qxb7 Kg5 27. Qxa7 Kf4 28. Qf2 Kg5 29. f4+ exf4 30. Qc5+ Re5 31. Qxc6 Bb8 32. Rd7 Rf8 33. Qb6 f3 34. Qe3+ Kg6 35. Qxf3 Re6 36. Qf5+ Kh6 37. Qh5# 1-0


[Site "https://www.chess.com"]

[Event "Titled Tuesday Blitz March 28 Early 2023"]
[White "Saya, Ethan"]
[Black "Karthik, Venkataraman"]
[WhiteFideId "26095181"]
[BlackFideId "25006479"]
[WhiteElo "2150"]
[BlackElo "2419"]
[Result "1/2-1/2"]
[Round "01"]
[TimeControl "180+2"]
[Date "2023.03.28"]
[WhiteClock "0:00:18"]
[BlackClock "0:00:55"]

1. d4 d5 2. c4 e6 3. Nf3 a6 4. g3 dxc4 5. Bg2 c5 6. O-O Nc6 7. dxc5 Qxd1 8. Rxd1 Bxc5 9. Nfd2 Na5 10. Nc3 Nf6 11. Nde4 Nxe4 12. Nxe4 Be7 13. Bd2 Nc6 14. Rac1 e5 15. Rxc4 Be6 16. Rcc1 Bxa2 17. Nc5 Bxc5 18. Rxc5 O-O 19. Bc3 Rad8 20. Rxd8 Rxd8 21. Bxc6 bxc6 22. Bxe5 Rd2 23. e4 f6 24. Bc3 Re2 25. Rxc6 Rxe4 26. Rxa6 Bc4 27. Ra7 Re2 28. Kg2 Bd5+ 29. Kf1 Bf3 30. Ra3 Rc2 31. Ke1 Re2+ 32. Kf1 Rc2 33. Ke1 Re2+ 34. Kf1 1/2-1/2


[Site "https://www.chess.com"]

[Event "Titled Tuesday Blitz March 28 Early 2023"]
[White "Albornoz Cabrera, Carlos Daniel"]
[Black "Balague Camps, Marc"]
[WhiteFideId "3518736"]
[BlackFideId "2297914"]
[WhiteElo "2501"]
[BlackElo "2089"]
[Result "1-0"]
[Round "01"]
[TimeControl "180+2"]
[Date "2023.03.28"]
[WhiteClock "0:01:16"]
[BlackClock "0:00:57"]

1. c4 Nf6 2. Nc3 e6 3. d4 d5 4. cxd5 exd5 5. Bg5 c6 6. e3 Nbd7 7. Bd3 Be7 8. Nge2 h6 9. Bh4 O-O 10. O-O Re8 11. Rb1 a5 12. Qc2 Ne4 13. Bxe7 Qxe7 14. Bxe4 dxe4 15. Na4 Nf6 16. Nb6 Ra6 17. Nxc8 Rxc8 18. Rfc1 Rb6 19. Qc5 Qxc5 20. Rxc5 Ra8 21. Nc3 Nd7 22. Rh5 Nf6 23. Re5 a4 24. Nxe4 Nxe4 25. Rxe4 Ra5 26. Re8+ Kh7 27. g4 Rab5 28. Ra8 Rxb2 29. Rxb2 Rxb2 30. Rxa4 Kg6 31. Kg2 Kg5 32. Kg3 g6 33. h4+ Kf6 34. Ra8 Ke6 35. a4 Ra2 36. a5 b5 37. a6 Ke7 38. a7 b4 39. Rb8 Rxa7 40. Rxb4 Kd6 41. Rb8 h5 42. gxh5 gxh5 43. Rh8 Ra5 44. Rh6+ Kd7 45. Kf4 Rd5 46. Ke4 Ra5 47. Rf6 c5 48. Rxf7+ Ke6 49. Rf5 1-0


[Site "https://www.chess.com"]

[Event "Titled Tuesday Blitz March 28 Early 2023"]
[White "Harriott, Tyrell"]
[Black "Preotu, Razvan"]
[WhiteFideId "2086484"]
[BlackFideId "2613280"]
[WhiteElo "2107"]
[BlackElo "2407"]
[Result "0-1"]
[Round "01"]
[TimeControl "180+2"]
[Date "2023.03.28"]
[WhiteClock "0:00:51"]
[BlackClock "0:00:12"]

1. d4 Nf6 2. e3 d5 3. Bd3 c5 4. c3 Nc6 5. f4 g6 6. Nf3 Bg7 7. O-O Bf5 8. Ne5 Bxd3 9. Qxd3 Qb6 10. Nd2 O-O 11. Qe2 Rfd8 12. Nef3 Rac8 13. Qe1 e6 14. Kh1 Ne7 15. h3 Nf5 16. g4 Nd6 17. Rf2 Qa6 18. Rg2 b5 19. Nb3 Nfe4 20. Nfd2 cxd4 21. exd4 b4 22. Nxe4 Nxe4 23. cxb4 Rc4 24. Be3 Rdc8 25. Nc5 Qb5 26. Nxe4 dxe4 27. a3 Bxd4 28. b3 Rc3 29. Bxd4 Rxh3+ 30. Kg1 Qd3 31. Rd1 Qf3 32. Qf2 Qxd1+ 0-1


[Site "https://www.chess.com"]

[Event "Titled Tuesday Blitz March 28 Early 2023"]
[White "Kezin, Roman"]
[Black "Girsh, Daniel"]
[WhiteFideId "24124621"]
[BlackFideId "30949190"]
[WhiteElo "2497"]
[BlackElo "2075"]
[Result "1-0"]
[Round "01"]
[TimeControl "180+2"]
[Date "2023.03.28"]
[WhiteClock "0:00:08"]
[BlackClock "0:00:15"]

1. b3 d5 2. Bb2 Bf5 3. g3 e6 4. Bg2 Nf6 5. Nf3 h6 6. d3 Be7 7. O-O O-O 8. c4 c6 9. Nbd2 a5 10. a3 Nbd7 11. Qc2 Bh7 12. Bc3 Qb6 13. Qb2 Rfe8 14. b4 axb4 15. axb4 Bf8 16. Rfb1 Qc7 17. b5 Bd6 18. Bb4 c5 19. Ba3 b6 20. Qc2 d4 21. e4 dxe3 22. fxe3 Ng4 23. Nf1 Ra7 24. Bb2 Rxa1 25. Rxa1 Nge5 26. Ne1 Nf6 27. Qe2 Bg6 28. Nd2 Rd8 29. Ndf3 Nxf3+ 30. Bxf3 Be5 31. Ra3 Kh7 32. Kg2 Rd7 33. Bc6 Rd8 34. Bxe5 Qxe5 35. Nf3 Qc7 36. Nh4 Bh5 37. Qf2 Ng4 38. Qf4 e5 39. Qf5+ g6 40. Qf3 Qe7 41. Bd5 Nf6 42. Qf1 Nxd5 43. cxd5 Rxd5 44. h3 g5 45. Nf5 Qd7 46. g4 Bg6 47. e4 Bxf5 48. exd5 Qxd5+ 49. Kh2 Bg6 50. Ra7 Kg7 51. Ra3 e4 52. dxe4 Qe5+ 53. Kg1 Bxe4 54. Re3 Qd4 55. Qf2 Bg6 56. Re1 Qb4 57. Rf1 Qxb5 58. Qf6+ Kh7 59. h4 gxh4 60. Qxh4 Qc4 61. Qg3 Qd4+ 62. Kh2 b5 63. Rf4 Qe5 64. Rxf7+ Bxf7 65. Qxe5 c4 66. Qxb5 Kg7 67. Qe5+ Kh7 68. Kg3 Kg6 69. Qc3 Be6 70. Kf4 Kf7 71. Qe5 Ke7 72. Qg7+ Kd6 73. Qxh6 c3 74. Qf6 c2 75. Qe5+ Ke7 76. Qc3 Bb3 77. Ke5 Kf7 78. Qxb3+ Kg6 79. Qxc2+ Kg5 80. Qf5+ Kh4 81. g5 Kg3 82. g6 Kh4 83. g7 Kg3 84. g8=R+ Kh2 1-0


[Site "https://www.chess.com"]

[Event "Titled Tuesday Blitz March 28 Early 2023"]
[White "Pniaczek, Marek"]
[Black "Samunenkov, Ihor"]
[WhiteFideId "21800421"]
[BlackFideId "14187086"]
[WhiteElo "2138"]
[BlackElo "2457"]
[Result "0-1"]
[Round "01"]
[TimeControl "180+2"]
[Date "2023.03.28"]
[WhiteClock "0:00:05"]
[BlackClock "0:00:19"]

1. e4 c6 2. Nf3 d5 3. Nc3 dxe4 4. Nxe4 Nf6 5. Qe2 Nxe4 6. Qxe4 Nd7 7. Bc4 Nf6 8. Qe2 Bf5 9. d3 e6 10. O-O Be7 11. h3 h6 12. a4 a5 13. Bf4 O-O 14. Rfe1 Nd5 15. Bg3 Bd6 16. Bxd6 Qxd6 17. Ne5 f6 18. Ng4 e5 19. Qf3 Qd7 20. Qg3 Kh8 21. Bb3 Nf4 22. Ne3 Be6 23. Bxe6 Nxe6 24. Nc4 Qc7 25. Qg4 Nd4 26. Rac1 Rad8 27. Ne3 f5 28. Qg6 f4 29. Ng4 f3 30. Rcd1 Ne2+ 31. Kf1 e4 32. Qxe4 Rde8 33. Qg6 fxg2+ 34. Kxg2 Nf4+ 35. Kg3 Nxg6+ 0-1


[Site "https://www.chess.com"]

[Event "Titled Tuesday Blitz March 28 Early 2023"]
[White "Zubritskiy, Artyom"]
[Black "Leve, Nitai"]
[WhiteFideId "4181247"]
[BlackFideId "2006898"]
[WhiteElo "2419"]
[BlackElo "2144"]
[Result "1-0"]
[Round "01"]
[TimeControl "180+2"]
[Date "2023.03.28"]
[WhiteClock "0:00:49"]
[BlackClock "0:00:44"]

1. d4 Nf6 2. c4 g6 3. g3 d5 4. Bg2 dxc4 5. Na3 Bg7 6. Nxc4 O-O 7. Nf3 Nc6 8. O-O Bg4 9. Nce5 Bxf3 10. Nxf3 Ne4 11. Qc2 Nd6 12. Rd1 e6 13. Bg5 Qe8 14. Rac1 h6 15. Bd2 Rd8 16. e3 Qe7 17. a3 a6 18. Qb3 Qd7 19. Be1 Ne7 20. Ne5 Qc8 21. Ba5 Bxe5 22. Rxc7 Qb8 23. dxe5 Ndf5 24. Rxb7 Rxd1+ 25. Qxd1 Qxb7 26. Bxb7 1-0


[Site "https://www.chess.com"]

[Event "Titled Tuesday Blitz March 28 Early 2023"]
[White "Tymrakiewicz, Rafal"]
[Black "Seo, Jung Min"]
[WhiteFideId "1108832"]
[BlackFideId "1734687"]
[WhiteElo "2151"]
[BlackElo "2468"]
[Result "0-1"]
[Round "01"]
[TimeControl "180+2"]
[Date "2023.03.28"]
[WhiteClock "0:00:01"]
[BlackClock "0:01:01"]

1. e4 c5 2. d4 cxd4 3. c3 d3 4. Bxd3 Nc6 5. Be3 Nf6 6. f4 d6 7. h3 g6 8. Nd2 Bg7 9. Ngf3 O-O 10. O-O e5 11. fxe5 dxe5 12. Qc2 Qe7 13. Rad1 Rd8 14. Bc4 h6 15. b4 Be6 16. Bxe6 Qxe6 17. Nb3 b6 18. a3 Qc4 19. Nfd2 Qd3 20. Qxd3 Rxd3 21. Rde1 Rxc3 22. Rf3 Nxe4 23. Nxe4 Rxb3 24. g4 Rxa3 25. Ref1 Nd4 26. Bxd4 Rxf3 27. Rxf3 exd4 28. g5 hxg5 29. Nxg5 f5 30. Ne6 Bf6 31. b5 a5 32. bxa6 Rxa6 33. Rb3 Kf7 34. Nc7 Ra1+ 35. Kg2 Bd8 36. Nd5 Ra8 37. Nf4 g5 38. Nd3 Rc8 39. Kf3 Rc3 40. Rxc3 dxc3 41. Ne5+ Ke6 42. Nc6 Bf6 43. Ke2 Kd5 44. Nb4+ Kc4 45. Na6 b5 46. Kd1 b4 47. Nc7 b3 48. Ne8 Be5 49. Ng7 Bxg7 50. Kc1 f4 51. Kb1 f3 52. Ka1 f2 53. Kb1 f1=N 0-1


[Site "https://www.chess.com"]

[Event "Titled Tuesday Blitz March 28 Early 2023"]
[White "Karolczuk, Iwo"]
[Black "Tarasova, Viktoriya"]
[WhiteFideId "21816972"]
[BlackFideId "4175840"]
[WhiteElo "2348"]
[BlackElo "2182"]
[Result "1-0"]
[Round "01"]
[TimeControl "180+2"]
[Date "2023.03.28"]
[WhiteClock "0:00:08"]
[BlackClock "0:00:04"]

1. e4 e5 2. Nf3 Nc6 3. Bb5 Nf6 4. d3 Bc5 5. Nc3 h6 6. h3 O-O 7. O-O Re8 8. a3 a6 9. Ba4 b5 10. Bb3 d6 11. Ne2 Be6 12. Bxe6 Rxe6 13. Ng3 Re8 14. Nf5 Kh7 15. N3h4 Ne7 16. Qf3 Nfg8 17. c3 Ng6 18. Qg3 Qf6 19. Kh1 Nxh4 20. Nxh4 g5 21. Nf3 Ne7 22. h4 gxh4 23. Nxh4 Rg8 24. Qh3 Qe6 25. Qh2 Rg4 26. f3 Rg7 27. f4 exf4 28. Bxf4 Rag8 29. d4 Bb6 30. Rae1 Rg4 31. Bc1 c6 32. Rf3 Bd8 33. Ref1 R8g7 34. Rh3 Qxe4 35. Nf3 Nf5 36. Bxh6 Kg8 37. Bxg7 Kxg7 38. Rh7+ Kf8 39. Rh8+ 1-0


[Site "https://www.chess.com"]

[Event "Titled Tuesday Blitz March 28 Early 2023"]
[White "Meunier-Pion, Jean"]
[Black "Molina, Roberto Junio Brito"]
[WhiteFideId "20685327"]
[BlackFideId "2109450"]
[WhiteElo "2124"]
[BlackElo "2376"]
[Result "0-1"]
[Round "01"]
[TimeControl "180+2"]
[Date "2023.03.28"]
[WhiteClock "0:00:06"]
[BlackClock "0:00:30"]

1. e4 c6 2. d4 d5 3. e5 Bf5 4. Nf3 e6 5. Be2 Nd7 6. O-O Bg6 7. Nbd2 Nh6 8. Nb3 Nf5 9. a4 Be7 10. a5 O-O 11. c4 dxc4 12. Bxc4 b5 13. Be2 a6 14. g4 Nh4 15. Be3 Rc8 16. Nxh4 Bxh4 17. f4 Be4 18. Bf3 Bd5 19. Nc5 Nxc5 20. dxc5 Be7 21. b4 Qe8 22. Bxd5 exd5 23. f5 Bf6 24. Bf4 Bxe5 25. Re1 f6 26. Ra2 Bxf4 27. Rxe8 Rcxe8 28. Re2 Rxe2 29. Qxe2 Be5 30. g5 Re8 31. Qh5 Re7 32. g6 h6 33. Qg4 Kf8 34. h4 Ke8 35. h5 Kd7 36. Kf1 Bc7 37. Qf3 Re4 38. Qb3 Be5 39. Qb1 Rh4 40. Kg2 Rxh5 41. Kf3 Rh4 42. Kg2 Rg4+ 43. Kh3 Rg3+ 44. Kh4 Rc3 45. Kg4 Rc4+ 46. Kh3 Re4 47. Kg2 Bc3 48. Kf3 Bxb4 49. Kf2 Bxc5+ 50. Kg2 Bd6 51. Qd3 Re5 52. Kh3 c5 53. Kg4 Kc6 54. Qc2 c4 55. Qf2 Bc5 56. Qf4 b4 57. Kh5 b3 58. Qh2 Kb5 59. Qb2 Kxa5 60. Kg4 Kb5 61. Kh5 a5 62. Kg4 a4 63. Qa1 a3 64. Qc3 a2 65. Qb2 d4 66. Qg2 Kb4 67. Qd2+ c3 68. Qd1 b2 69. Qh1 Bb6 70. Qc6 Rb5 71. Qd6+ Bc5 72. Qd7 a1=Q 73. Qe6 Qg1+ 74. Kh5 Qg5# 0-1


[Site "https://www.chess.com"]

[Event "Titled Tuesday Blitz March 28 Early 2023"]
[White "Wagner, Dennis"]
[Black "Valgmae, Toomas"]
[WhiteFideId "24650684"]
[BlackFideId "4502523"]
[WhiteElo "2470"]
[BlackElo "2170"]
[Result "1/2-1/2"]
[Round "01"]
[TimeControl "180+2"]
[Date "2023.03.28"]
[WhiteClock "0:00:19"]
[BlackClock "0:00:20"]

1. d4 d5 2. c4 c6 3. Nf3 Nf6 4. Nc3 dxc4 5. a4 Bf5 6. Ne5 Nbd7 7. Nxc4 Qc7 8. g3 e5 9. dxe5 Nxe5 10. Bf4 Nfd7 11. Bg2 f6 12. O-O g5 13. Nxe5 gxf4 14. Nd3 fxg3 15. fxg3 Be6 16. a5 a6 17. Ne4 Be7 18. Nf4 Bf7 19. Bh3 O-O-O 20. Be6 Qe5 21. Bxf7 Nc5 22. Qc2 Nxe4 23. Nd3 Qd4+ 24. Kg2 Nd6 25. Ra4 Qe3 26. Rf3 Qg5 27. Be6+ Kb8 28. Nc5 Nb5 29. Nd7+ Kc7 30. Rd3 Bd6 31. Nb6 Rhe8 32. Rg4 Qe5 33. Rg7+ Kb8 34. Nd7+ Rxd7 35. Bxd7 Qxe2+ 36. Qxe2 Rxe2+ 37. Kh3 Rxb2 38. Re3 Be5 39. Rxh7 Nd4 40. Rd3 c5 41. Be8 c4 42. Rd1 c3 43. Bg6 c2 44. Rc1 Ka7 45. Be4 Kb8 46. Rf7 Kc8 47. Kg2 Kd8 48. h4 Ke8 49. Rxb7 Rxb7 50. Bxb7 Bd6 51. Be4 Ba3 52. Rxc2 Nxc2 53. Bxc2 Bb4 54. Bd3 Bxa5 55. Bxa6 Kf7 56. Kf3 Kg7 57. Kg4 Bc3 58. Kf5 Ba1 59. g4 Bb2 60. Be2 Ba1 61. Bd3 Bb2 62. Bc2 Ba1 63. Bb3 Bb2 64. Bc4 Ba1 65. Bd5 Bb2 66. g5 fxg5 67. hxg5 Ba1 68. g6 Bb2 69. Bf7 Bf6 70. Ke6 Ba1 71. Kf5 Bb2 72. Ke6 Ba1 73. Kf5 Bb2 74. Ke6 Ba1 1/2-1/2


[Site "https://www.chess.com"]

[Event "Titled Tuesday Blitz March 28 Early 2023"]
[White "Vedder, Richard"]
[Black "Mahdavi, Reza"]
[WhiteFideId "1004166"]
[BlackFideId "12595926"]
[WhiteElo "2168"]
[BlackElo "2208"]
[Result "0-1"]
[Round "01"]
[TimeControl "180+2"]
[Date "2023.03.28"]
[WhiteClock "0:00:18"]
[BlackClock "0:00:10"]

1. d4 Nf6 2. c4 g6 3. Nc3 Bg7 4. e4 d6 5. Nf3 O-O 6. Be2 Nbd7 7. O-O e5 8. d5 Nc5 9. Qc2 a5 10. Bg5 h6 11. Be3 b6 12. Nd2 Ng4 13. Bxg4 Bxg4 14. f3 Bd7 15. b3 f5 16. a3 f4 17. Bf2 g5 18. b4 Nb7 19. Rab1 axb4 20. axb4 g4 21. fxg4 Bxg4 22. Nf3 Qd7 23. Nh4 Bf6 24. Nf5 Kh7 25. h3 Bh5 26. Kh2 Bg6 27. g4 fxg3+ 28. Bxg3 Rf7 29. Rf2 Raf8 30. Rbf1 Bg5 31. Nh4 Rxf2+ 32. Rxf2 Rxf2+ 33. Qxf2 Nd8 34. Nxg6 Kxg6 35. h4 Be7 36. Qf3 h5 37. Nd1 Nf7 38. Ne3 Nh6 39. Bf2 Qa4 40. b5 Qa2 41. Nf5 Ng4+ 42. Kg3 Bf6 43. Bg1 Qxc4 44. Ne3 Qc1 45. Qf5+ Kg7 46. Qd7+ Kf8 47. Qc8+ Kf7 48. Qd7+ Be7 49. Qe6+ Kf8 50. Qc8+ Kg7 51. Nf5+ Kh7 52. Bxb6 Qf4+ 53. Kg2 Qxe4+ 54. Kf1 cxb6 55. Nxe7 Qh1+ 56. Ke2 Qg2+ 57. Kd3 Qf3+ 58. Kc2 Ne3+ 59. Kb2 Qf2+ 60. Kb1 Qg1+ 61. Kb2 Qf2+ 62. Kb1 Qf1+ 63. Kb2 Qxb5+ 64. Kc1 Qc4+ 65. Qxc4 Nxc4 66. Nf5 Kg6 67. Ne7+ Kf6 68. Nc6 Ne3 69. Nb4 Nf5 70. Kd2 Nxh4 71. Ke3 Ng6 72. Ke4 h4 73. Kf3 Kf5 74. Nc2 e4+ 75. Kg2 Nf4+ 76. Kf2 Nxd5 0-1


[Site "https://www.chess.com"]

[Event "Titled Tuesday Blitz March 28 Early 2023"]
[White "Oganian, Miran"]
[Black "Nunez V, Gustavo Eduardo"]
[WhiteFideId "4122488"]
[BlackFideId "4403690"]
[WhiteElo "2323"]
[BlackElo "2228"]
[Result "0-1"]
[Round "01"]
[TimeControl "180+2"]
[Date "2023.03.28"]
[WhiteClock "0:02:43"]
[BlackClock "0:02:31"]

1. e4 c5 2. Nf3 Nc6 3. c3 Nf6 4. e5 Nd5 5. d4 cxd4 6. cxd4 d6 7. Bc4 dxe5 8. Bxd5 Qxd5 9. Nc3 Qa5 10. d5 Nd8 11. Nxe5 e6 12. O-O Bd6 13. Nxf7 Nxf7 14. dxe6 Bxe6 15. Re1 Qf5 16. Qb3 Nd8 17. Nb5 O-O 18. Nxd6 Qxf2+ 0-1


[Site "https://www.chess.com"]

[Event "Titled Tuesday Blitz March 28 Early 2023"]
[White "Przybylski, Wojciech"]
[Black "Manukyan, Sargis A."]
[WhiteFideId "1117599"]
[BlackFideId "13303970"]
[WhiteElo "2222"]
[BlackElo "2187"]
[Result "1-0"]
[Round "01"]
[TimeControl "180+2"]
[Date "2023.03.28"]
[WhiteClock "0:00:16"]
[BlackClock "0:00:09"]

1. d4 d5 2. Nf3 Nf6 3. g3 e6 4. Bg2 Be7 5. O-O O-O 6. a4 c5 7. e3 Nc6 8. Bd2 b6 9. Nc3 Ba6 10. Re1 Rc8 11. Nb5 Bb7 12. Ne5 a6 13. Nxc6 Rxc6 14. Na3 Rc8 15. c4 cxd4 16. exd4 Bxa3 17. Rxa3 Rxc4 18. Bf4 Qd7 19. a5 b5 20. b3 Rc3 21. Bd2 Rc6 22. Bb4 Rfc8 23. Bc5 Qd8 24. b4 Nd7 25. Rae3 Nxc5 26. dxc5 R6c7 27. Qd4 Bc6 28. f4 Qf6 29. Re5 Re7 30. h4 h6 31. h5 Rd8 32. Rf1 g6 33. Bf3 Kg7 34. Kf2 Rg8 35. Rh1 Rd7 36. hxg6 fxg6 37. Rxh6 Kf8 38. g4 Rf7 39. Kg3 Qg7 40. g5 Ke7 41. Bg4 Kd8 42. Bxe6 Rxf4 43. Qxf4 Rf8 44. Qd4 Kc7 45. Rh4 Kb8 46. Rxd5 Qc7+ 47. Qe5 Bxd5 48. Qxc7+ Kxc7 49. Bxd5 Rf5 50. Rh7+ Kc8 51. Be4 Rxg5+ 52. Kf4 Rg1 53. Ke5 Rd1 54. Bd5 Kb8 55. Kd6 g5 56. Rh8+ Ka7 57. Ra8# 1-0


[Site "https://www.chess.com"]

[Event "Titled Tuesday Blitz March 28 Early 2023"]
[White "Csonka, Balazs"]
[Black "Ansh M Shah"]
[WhiteFideId "742910"]
[BlackFideId "25033379"]
[WhiteElo "2404"]
[BlackElo "2084"]
[Result "1-0"]
[Round "01"]
[TimeControl "180+2"]
[Date "2023.03.28"]
[WhiteClock "0:00:14"]
[BlackClock "0:01:09"]

1. d4 Nf6 2. Nf3 e6 3. Bf4 d5 4. e3 Be7 5. Bd3 O-O 6. Nbd2 b6 7. Ne5 Bb7 8. Qf3 Nbd7 9. Qh3 g6 10. Ndf3 Nxe5 11. Nxe5 Nd7 12. Ng4 f5 13. Nh6+ Kg7 14. g4 Nf6 15. gxf5 exf5 16. Rg1 Kh8 17. Be5 Bd6 18. Rxg6 hxg6 19. Nf7+ Kg7 20. Nxd8 Raxd8 21. O-O-O Bxe5 22. dxe5 Ne4 23. Rg1 Rh8 24. Qg2 Rh6 25. f3 Nc5 26. Bxf5 d4 27. Bxg6 Kh8 28. Be4 Ne6 29. Bxb7 dxe3 30. Bd5 e2 31. Bxe6 Rd1+ 32. Rxd1 exd1=Q+ 33. Kxd1 Rxe6 34. Qh3+ Kg7 35. Qxe6 Kf8 36. Qf6+ Ke8 37. e6 1-0


[Site "https://www.chess.com"]

[Event "Titled Tuesday Blitz March 28 Early 2023"]
[White "Topalov, Aleksandar"]
[Black "Weetik, Vjacheslav"]
[WhiteFideId "925659"]
[BlackFideId "4153472"]
[WhiteElo "2151"]
[BlackElo "2469"]
[Result "0-1"]
[Round "01"]
[TimeControl "180+2"]
[Date "2023.03.28"]
[WhiteClock "0:00:02"]
[BlackClock "0:00:03"]

1. b3 d5 2. Bb2 Bg4 3. g3 c6 4. Bg2 Nd7 5. Nf3 Ngf6 6. O-O e6 7. d3 Be7 8. Nbd2 a5 9. a3 O-O 10. c4 Qb8 11. Rc1 Re8 12. h3 Bh5 13. Re1 Bc5 14. d4 Bf8 15. g4 Bg6 16. Nh4 Be4 17. Nxe4 Nxe4 18. Bxe4 dxe4 19. Qd2 b5 20. c5 Nf6 21. Qe3 h6 22. g5 hxg5 23. Qxg5 Nd5 24. Ng2 f5 25. Rc2 Be7 26. Qg6 Bf6 27. Rd1 Qc7 28. Bc1 Rad8 29. Kh1 a4 30. b4 Qf7 31. Qg3 e5 32. dxe5 Bxe5 33. Nf4 Qc7 34. e3 Nxf4 35. Rxd8 Rxd8 36. exf4 Bf6 37. Be3 Rd3 38. Qg6 Qd7 39. Rc1 Rxa3 40. Rg1 Kf8 41. Qh7 Qe6 42. Kh2 Rd3 43. Qh8+ Ke7 44. Rg6 a3 45. Qa8 Kf7 46. Rg1 a2 47. Qb7+ Kg8 48. Qa8+ Kh7 49. Qa6 Rd5 50. Qa7 Rd3 51. Qa6 a1=Q 52. Qa8 Qxg1+ 53. Kxg1 Rd1+ 54. Kg2 Qf7 55. Kh2 Qg6 56. Qxc6 Qg1# 0-1


[Site "https://www.chess.com"]

[Event "Titled Tuesday Blitz March 28 Early 2023"]
[White "Krysa, Leandro"]
[Black "Van Osch, Mees"]
[WhiteFideId "116807"]
[BlackFideId "1035967"]
[WhiteElo "2485"]
[BlackElo "2324"]
[Result "1/2-1/2"]
[Round "01"]
[TimeControl "180+2"]
[Date "2023.03.28"]
[WhiteClock "0:00:02"]
[BlackClock "0:00:02"]

1. e4 c5 2. Nf3 Nc6 3. d4 cxd4 4. Nxd4 e6 5. Nc3 Bb4 6. Nxc6 dxc6 7. Qf3 Qf6 8. Qg3 e5 9. a3 Bc5 10. Be3 Bxe3 11. Qxe3 Be6 12. Be2 Ne7 13. O-O O-O 14. Rfd1 b6 15. Rd6 Rac8 16. Rad1 Ng6 17. g3 Rfd8 18. Qd2 Rxd6 19. Qxd6 Qe7 20. Ba6 Qxd6 21. Rxd6 Rc7 22. Rd8+ Nf8 23. f4 Rd7 24. Ra8 f6 25. Bc8 Rd8 26. Bxe6+ Nxe6 27. Rxd8+ Nxd8 28. Kf2 Ne6 29. Ne2 Kf7 30. Ke3 Ke7 31. c3 Kd6 32. Ng1 Nc5 33. b4 Ne6 34. Nf3 Nc7 35. a4 a5 36. Nd2 axb4 37. cxb4 b5 38. axb5 cxb5 39. Nb1 Na6 40. Nc3 Nxb4 41. Nxb5+ Kd7 42. Na3 Ke6 43. Nc4 Nc2+ 44. Kd3 Nd4 45. Nd2 h6 46. Ke3 Nc2+ 47. Kf3 Ne1+ 48. Kg4 g6 49. f5+ gxf5+ 50. exf5+ Kd5 51. Kh5 e4 52. Nxe4 Kxe4 53. Kg6 Ke5 54. g4 Nf3 55. Kxh6 Nxh2 56. g5 Ng4+ 57. Kh5 Kxf5 58. gxf6 Nxf6+ 1/2-1/2


[Site "https://www.chess.com"]

[Event "Titled Tuesday Blitz March 28 Early 2023"]
[White "Castellanos Gomez, Alejandro"]
[Black "Harshavardhan G B"]
[WhiteFideId "22284141"]
[BlackFideId "25059009"]
[WhiteElo "2158"]
[BlackElo "2323"]
[Result "0-1"]
[Round "01"]
[TimeControl "180+2"]
[Date "2023.03.28"]
[WhiteClock "0:00:02"]
[BlackClock "0:00:07"]

1. d4 Nf6 2. Bf4 d6 3. Nc3 Nbd7 4. Nf3 g6 5. e4 Bg7 6. Qd2 O-O 7. O-O-O c5 8. dxc5 Nxc5 9. e5 Nh5 10. Be3 Qa5 11. exd6 exd6 12. Qxd6 b6 13. Bd4 Bg4 14. Bxg7 Nxg7 15. Be2 Rac8 16. Kb1 Nge6 17. Qg3 Bxf3 18. Bxf3 Na4 19. Nxa4 Qxa4 20. Rd2 Nd4 21. Qf4 Rc4 22. b3 Qb4 23. Bd5 Nxb3 24. Bxc4 Nxd2+ 25. Kc1 Nxc4 26. Qd4 Qa3+ 27. Kb1 Qb4+ 28. Kc1 a5 29. Rd1 Re8 30. Qa1 Qa3+ 31. Kb1 Nd2+ 0-1


[Site "https://www.chess.com"]

[Event "Titled Tuesday Blitz March 28 Early 2023"]
[White "Mikhailovsky, Vladimir"]
[Black "Devaev, Alexander"]
[WhiteFideId "34105414"]
[BlackFideId "4169395"]
[WhiteElo "2293"]
[BlackElo "2225"]
[Result "0-1"]
[Round "01"]
[TimeControl "180+2"]
[Date "2023.03.28"]
[WhiteClock "0:00:05"]
[BlackClock "0:01:19"]

1. e4 c6 2. Nf3 d5 3. d3 Nd7 4. g3 e5 5. Bg2 d4 6. O-O c5 7. Nbd2 Ne7 8. Nc4 Nc6 9. a4 Be7 10. h4 Qc7 11. h5 Nf8 12. h6 g6 13. Nh2 Be6 14. b3 g5 15. f4 gxf4 16. gxf4 Rg8 17. Kh1 O-O-O 18. Nxe5 Nxe5 19. fxe5 Nd7 20. Bf4 Nxe5 21. a5 a6 22. Qd2 Bd6 23. Rf2 Ng4 24. Nxg4 Rxg4 25. Raf1 Rdg8 26. Bxd6 Rh4+ 27. Kg1 Qxd6 28. Rf4 Rxh6 29. Rxf7 Qh2+ 0-1


[Site "https://www.chess.com"]